 Dungeon Crawl Stone Soup version 0.31-a0-115-g4708a659fe (webtiles) character file.

Game seed: 6496238297416082887

59 promet the Covered (level 3, -5/33 HPs)
             Began as a Minotaur Fighter on May 29, 2023.
             Slain by Natasha (8 damage)
             ... on level 2 of the Dungeon.
             The game lasted 00:04:30 (1284 turns).

promet the Covered (Minotaur Fighter)               Turns: 1284, Time: 00:04:32

Health: -5/33      AC:  9    Str: 20    XL:     3   Next: 78%
Magic:  2/2        EV:  9    Int:  5    God:
Gold:   48         SH:  4    Dex: 11    Spells: 2/2 levels left

rFire   . . .        a - +0 war axe
rCold   . . .        c - +0 buckler
rNeg    . . .        b - +0 scale mail
rPois   .            (helmet restricted)
rElec   .            i - +0 cloak
rCorr   .            n - +0 pair of gloves
SInv    .            (no boots)
Will    .....        (no amulet) Stlth
                     (no ring)
HPRegen 0.25/turn    (no ring)
MPRegen 0.08/turn

%: no passive effects
@: slowed, very slow
A: horns 2, retaliatory headbutt
a: no special abilities


You were on level 2 of the Dungeon.
You visited 1 branch of the dungeon, and saw 2 of its levels.

You collected 48 gold pieces.

Inventory:

Hand Weapons
 a - a +0 war axe (weapon)
Missiles
 l - 5 stones (quivered)
Armour
 b - a +0 scale mail (worn)
 c - a +0 buckler (worn)
 i - a +0 cloak (worn)
 n - a +0 pair of gloves (worn)
Jewellery
 h - a ring of willpower
 j - a ring of willpower
Scrolls
 e - a scroll of noise
 m - 2 scrolls of identify
Potions
 d - 2 potions of might
 f - 2 potions of curing
 g - a potion of haste {unknown}
 k - a potion of degeneration {unknown}
 o - a potion of mutation {unknown}
 p - a potion of attraction {unknown}


   Skills:
 + Level 4.0 Fighting
 + Level 2.7 Axes
 + Level 4.7 Armour
 + Level 4.3 Shields


You had 2 spell levels left.
You didn't know any spells.
Your spell library contained the following spells:

 Spells                   Type           Power      Damage    Failure   Level
 Magic Dart               Conj           0%         1d3       87%         1
 Call Imp                 Summ           0%         N/A       95%         2
 Mephitic Cloud           Conj/Pois/Air  0%         N/A       99%         3


Dungeon Overview and Level Annotations

Branches:
Dungeon (2/15)

Altars:

Annotations:
D:2 Natasha


Innate Abilities, Weirdness & Mutations

You have a pair of horns on your head.
You reflexively headbutt those who attack you in melee.


Message History

Natasha stares at you and mumbles some strange words.
The magic dart hits you.
Natasha is nearby!
Natasha extends her claws.
You miss Natasha. Natasha claws you. You block Natasha's attack.
You closely miss Natasha. Your headbutt misses Natasha. Natasha claws you.
Natasha casts a spell.
You closely miss Natasha. You closely miss the cerulean imp.
Natasha hisses.
Natasha claws you.
The cerulean imp hits you but does no damage.
Natasha closely misses you. You furiously retaliate!
You headbutt Natasha.
The cerulean imp hits you but does no damage.
Natasha casts a spell.
You closely miss Natasha.
Natasha is moderately wounded.
You hit the cerulean imp but do no damage.
The cerulean imp hits you with a +0 spear.
* * * LOW HITPOINT WARNING * * *
The cerulean imp hits you but does no damage.
You block Natasha's attack.
The cerulean imp hits you with a +0 spear.
* * * LOW HITPOINT WARNING * * *
The cerulean imp barely misses you. You block Natasha's attack.
You barely miss Natasha.
Natasha is moderately wounded.
You closely miss the cerulean imp. The cerulean imp closely misses you.
The cerulean imp hits you from afar with a +0 spear.
* * * LOW HITPOINT WARNING * * *
Natasha closely misses you. You block the cerulean imp's attack.
The cerulean imp hits you but does no damage.
Natasha barely misses you.
You hit Natasha. You headbutt Natasha, but do no damage.
Natasha is moderately wounded.
You hit the cerulean imp.
The cerulean imp hits you but does no damage.
Natasha casts a spell.
You block the cerulean imp's attack. The cerulean imp misses you.
Natasha claws you!
You die...

.......#.... ............
####.#........
#....#...#..#
#....#...#..########
#...........#.......
#.........#+#....... ~≈#
#........5h5........ ..~#
#....##....@........ ...#
#.....#..5.†........ ..
#.....#..........#..
######.....#.............
.....#....##.............
####......##.............
####......##.............
...#.....................
...#.................#...


You could see Natasha and 3 cerulean imps.

Vanquished Creatures
  Natasha (D:2)
  2 adders (D:2)
  3 endoplasms
  A giant cockroach (D:1)
  A goblin (D:1)
  A hobgoblin (D:2)
  3 ball pythons (D:1)
  2 bats (D:1)
  A frilled lizard (D:1)
  3 rats
18 creatures vanquished.

Notes
Turn   | Place    | Note
-------+----------+-------------------------------------------
     0 | D:1      | promet the Minotaur Fighter began the quest for the Orb.
     0 | D:1      | Reached XP level 1. HP: 19/19 MP: 0/0
   478 | D:1      | Reached XP level 2. HP: 27/27 MP: 1/1
  1242 | D:2      | Reached XP level 3. HP: 33/33 MP: 2/2
  1257 | D:2      | Noticed Natasha
  1267 | D:2      | Killed Natasha
  1277 | D:2      | Noticed Natasha
  1284 | D:2      | Slain by Natasha

Illustrated notes

Levels and vault maps discovered:
D:1:      elethiomel_arrival_infinity_welcomes_careful_drivers,
          layout_loops_corners
D:2:      minmay_kobold_bridge, layout_basic,
          shapermc_ecumenical_altar_rom_forum, uniq_terence, uniq_natasha

Skill      XL: |  1  2  3 |
---------------+----------+-----
Armour         | 4 |  4.7
Shields        | 4 |  4.3
Fighting       | 4 |  4.0
Axes           | |  2.7

Action                     || total
---------------------------++-------
  Melee: War axe           ||    39
         Headbutt          ||    11
    Use: Scroll            ||     3
 Armour: Scale mail        ||    22
  Dodge: Dodged            ||    24
  Block: Buckler           ||    13

Table legend: (Time is in decaauts)
 A = Elapsed time spent in this place.
 B = Non-inter-level travel time spent in this place.
 C = Inter-level travel time spent in this place.
 D = Time resting spent in this place.
 E = Time spent auto-exploring this place.
 F = Levels seen in this place.
 G = Mean time per level.
                   A        B        C        D        E       F      G
               +--------+--------+--------+--------+--------+-----+--------+
         Total |   1314 |   1314 |      0 |    122 |    661 |   2 |  657.0 |
       Dungeon |   1314 |   1314 |      0 |    122 |    661 |   2 |  657.0 |
               +--------+--------+--------+--------+--------+-----+--------+

Top non-repeatable levels by time:
     D:1: 1070 daAuts
     D:2: 243 daAuts
